 Dungeon Crawl Stone Soup version 0.27-a0-1137-g3ef0f4ec91 (webtiles) character file.

Game seed: 14564614741559167262

14 AtomicRavioli the Stinger (level 2, 0/25 HPs)
             Began as a Naga Wanderer on May 6, 2021.
             Slain by a quokka (3 damage)
             ... on level 1 of the Dungeon.
             The game lasted 00:01:21 (359 turns).

AtomicRavioli the Stinger (Naga Wanderer)            Turns: 359, Time: 00:01:22

Health: 0/25       AC:  3    Str: 15    XL:     2   Next: 45%
Magic:  2/2        EV:  8    Int: 12    God:
Gold:   19         SH:  0    Dex:  9    Spells: 1/1 levels left

rFire    . . .     SeeInvis +   a - +2 shortbow
rCold    . . .     Faith    .   (shield currently unavailable)
rNeg     . . .     Spirit   .   d - +0 ring mail
rPois    +         Reflect  .   (no helmet)
rElec    .         Harm     .   (no cloak)
rCorr    .         Rampage  .   (no gloves)
Will     .....                  (no barding)
Stlth    +.........             (no amulet)
HPRegen  0.08/turn              (no ring)
MPRegen  0.08/turn              (no ring)

@: very slow
A: AC +0, large, see invisible, deformed body, poison resistance, slowness 2,
spit poison 1, naga tail 1
a: Spit Poison


You were on level 1 of the Dungeon.
You visited 1 branch of the dungeon, and saw 1 of its levels.

You collected 19 gold pieces.

Inventory:

Hand Weapons
 a - a +2 shortbow (weapon)
Missiles
 b - 17 arrows (quivered ammo)
Armour
 d - a +0 ring mail (worn)
Scrolls
 e - a scroll of identify {unknown}
 f - a scroll of magic mapping {unknown}
 g - a scroll of fog {unknown}
Potions
 c - a potion of curing


   Skills:
 * Level 1.0 Fighting
 + Level 2.1 Bows
 - Level 2.4 Armour
 + Level 2.0 Stealth
 - Level 1.0 Shields
 - Level 1.0 Summonings
 - Level 3.1 Poison Magic


You had one spell level left.
You didn't know any spells.
Your spell library was empty.

Dungeon Overview and Level Annotations

Branches:
Dungeon (1/15)

Altars:


Innate Abilities, Weirdness & Mutations

Your serpentine skin is tough. (AC +0)
You have supernaturally acute eyesight. (SInv)
Armour fits poorly on your strangely shaped body.
Your system is resistant to poisons. (rPois)
You cover ground very slowly.
You can spit poison.
You have a snake-like lower body.


Message History

Fire: 19 arrows
Press: ? - help, Q - select action, (/) - cycle Shift-Dir - straight line, f/p - quokka
Aim: a quokka (46% to hit)
You shoot an arrow. The arrow misses the quokka.
Fire: 18 arrows
Press: ? - help, Q - select action, (/) - cycle Shift-Dir - straight line, f/p - quokka
Aim: a quokka (46% to hit)
You shoot an arrow.
The arrow hits the quokka but does no damage.
A hobgoblin comes into view.
The quokka bites you. The quokka closely misses you. x2
The hobgoblin hits you. The quokka bites you.
Really attack while wielding your +2 shortbow? [Y]es or [N]o only, please.
Really attack while wielding your +2 shortbow? [Y]es or [N]o only, please.
Really attack while wielding your +2 shortbow? [Y]es or [N]o only, please.
Really attack while wielding your +2 shortbow? [Y]es or [N]o only, please.
Really attack while wielding your +2 shortbow?
You clumsily bash the hobgoblin but do no damage.
The quokka barely misses you.
The hobgoblin hits you but does no damage.
The quokka bites you.
The hobgoblin hits you but does no damage.
The quokka closely misses you.
The hobgoblin hits you but does no damage.
You see here an arrow.
The hobgoblin hits you. The quokka bites you.
* * * LOW HITPOINT WARNING * * *
The hobgoblin barely misses you. The quokka bites you.
* * * LOW HITPOINT WARNING * * *
The hobgoblin hits you.
* * * LOW HITPOINT WARNING * * *
The quokka bites you but does no damage.
The hobgoblin misses you. The quokka bites you.
You die...

#.#.#...#..#.##### #.#.##
#.#.# ..........## #.#.#
#.#.. #[<.#..#...#
######)#.# #.#.#
..........## #........#
#...# #.#.#.#....#
#........# #####
..........## #..(.....#
#....#(....##+#.......>....
..#.......##....rg...######
....#..... #....@(...# ..
...... #.(.(........
#......######## #.#.###
#... ###


You could see a quokka and a hobgoblin.

Vanquished Creatures
  An endoplasm (D:1)
  3 goblins (D:1)
  A hobgoblin (D:1)
  2 quokkas (D:1)
  A ball python (D:1)
  3 bats (D:1)
  2 rats (D:1)
13 creatures vanquished.

Notes
Turn   | Place    | Note
-------+----------+-------------------------------------------
     0 | D:1      | AtomicRavioli the Naga Wanderer began the quest for the
                  | Orb.
     0 | D:1      | AtomicRavioli set off with the following items: a +2
                  | shortbow, 26 arrows, a potion of curing, a +0 ring mail
     0 | D:1      | Reached XP level 1. HP: 15/15 MP: 1/1
    22 | D:1      | Reached skill level 3 in Poison Magic
   103 | D:1      | Reached XP level 2. HP: 24/24 MP: 2/2
   303 | D:1      | Found a faded altar of an unknown god.
   345 | D:1      | Reached skill level 1 in Fighting
   359 | D:1      | Slain by a quokka

Illustrated notes

Levels and vault maps discovered:
D:1:      co_arrival_square_in_a_square_in_a_square, layout_basic,
          shapermc_ecumenical_altar_mp_vishouse

Skill      XL: |  1  2 |
---------------+-------+-----
Stealth        | 2 |  2.0
Poison Magic   | 3 |  3.1
Bows           | 2 |  2.1
Fighting       | 1 |  1.0
Armour         | |  2.4
Shields        | |  1.0
Summonings     | |  1.0

Action                   || total
-------------------------++-------
Melee: Shortbow          ||     1
 Fire: Shortbow          ||    31
 Abil: Spit Poison       ||     2
Armor: Ring mail         ||     5
Dodge: Dodged            ||     7

Table legend: (Time is in decaauts)
 A = Elapsed time spent in this place.
 B = Non-inter-level travel time spent in this place.
 C = Inter-level travel time spent in this place.
 D = Time resting spent in this place.
 E = Time spent auto-exploring this place.
 F = Levels seen in this place.
 G = Mean time per level.
                   A        B        C        D        E       F      G
               +--------+--------+--------+--------+--------+-----+--------+
         Total |    482 |    482 |      0 |      0 |    385 |   1 |  482.0 |
       Dungeon |    482 |    482 |      0 |      0 |    385 |   1 |  482.0 |
               +--------+--------+--------+--------+--------+-----+--------+

Top non-repeatable levels by time:
     D:1: 482 daAuts
